Senators vs Bruins

Created - January-17-14 at 19:12

Goals
1 2 3 T
Senators 0 1 1 2
Bruins 1 0 2 3
Shots
1 2 3 T
Senators 12 6 7 25
Bruins 11 5 14 30

1st period

1. Bruins , Loui Eriksson 10 (Patrice Bergeron) at 19:04

Penalties :
David Krejci (BOS) for Hooking (Minor) at 0:03, Alexander Edler (OTT) for Roughing (Minor) at 12:18

2nd period

2. Senators , Tyler Kennedy 6 (Filip Kuba, Mika Zibanejad) at 7:13

Penalties :
Jan Hejda (OTT) for Holding (Minor) at 3:10, Zdeno Chara (BOS) for Hooking (Minor) at 8:15, Zdeno Chara (BOS) for Holding (Minor) at 10:34, Rostislav Klesla (OTT) for High sticking (Minor) at 12:45, Mika Zibanejad (OTT) for High sticking (Minor) at 15:43, Jared Cowen (OTT) for Slashing (Double Minor) at 16:19, Milan Lucic (BOS) for Holding (Minor) at 17:37

3rd period

3. Senators , Pierre-Alexandr Parenteau 19 (Alexander Edler, Jason Spezza) at 9:38 (PP)
4. Bruins , Milan Lucic 8 (Logan Couture, Braydon Coburn) at 15:41 (PP)
5. Bruins , Patrice Bergeron 10 (Dennis Seidenberg, Christian Ehrhoff) at 18:43

Penalties :
James Neal (OTT) for Hooking (Minor) at 1:03, Zdeno Chara (BOS) for Hooking (Minor) at 8:46, Alexander Edler (OTT) for Attempt to injure (Major / Game Misconduct) at 11:41

Goalie Stats

Carey Price (OTT), 27 saves from 30 shots - (0.900), L, 19-10-3, 59:52 minutes
Tuukka Rask (BOS), 23 saves from 25 shots - (0.920), W, 21-13-2, 60:00 minutes

Players Stats for Senators

Player Name              G  A  P  +/- PIM S  H  SB GA TA FO     MP     PP MP  PK MP  
------------------------------------------------------------------------------------
Alexander Edler          0  1  1   0  17  0  4  1  0  0  0/0    16:39   1:53   3:09 
Dustin Byfuglien         0  0  0   1  0   2  3  2  0  0  0/0    26:01   4:56   7:32 
Erik Condra              0  0  0   0  0   1  0  1  0  0  0/0    10:19   0:00   6:32 
Filip Kuba               0  1  1   1  0   0  1  0  0  0  0/0    19:38   1:53   7:27 
James Neal               0  0  0   0  2   2  3  0  0  0  0/2    17:58   4:05   1:01 
Jan Hejda                0  0  0  -2  2   1  6  1  0  0  0/0    18:56   0:00   6:26 
Jared Cowen              0  0  0   0  4   0  0  1  0  0  0/0    13:14   4:56   5:59 
Jason Spezza             0  1  1  -1  0   1  0  0  0  0  11/19  16:10   2:44   1:15 
Jeff Carter              0  0  0   0  0   1  0  0  0  0  1/4    16:06   4:05   0:00 
Jerred Smithson          0  0  0   0  0   0  1  0  0  0  5/10   11:24   0:00   7:37 
Josh Bailey              0  0  0   0  0   3  0  0  0  0  0/0    12:20   2:44   0:00 
Kaspars Daugavins        0  0  0  -1  0   2  0  0  0  0  0/2    20:44   0:00   6:40 
Marc-Edouard Vlasic      0  0  0   0  0   1  0  2  0  0  0/0    16:18   0:00   0:38 
Mika Zibanejad           0  1  1   0  2   1  4  0  0  0  3/9     9:35   0:00   0:00 
Pierre-Alexandr Parentea 1  0  1  -1  0   6  2  0  0  0  0/0    14:55   2:44   0:00 
Rostislav Klesla         0  0  0  -2  2   0  0  1  0  0  0/0     9:09   0:00   0:00 
Sidney Crosby            0  0  0   0  0   3  0  0  0  0  10/19  16:06   4:05   0:00 
Tyler Kennedy            1  0  1   0  0   1  1  1  0  0  5/15   15:28   0:00   6:44 

Players Stats for Bruins

Player Name              G  A  P  +/- PIM S  H  SB GA TA FO     MP     PP MP  PK MP  
------------------------------------------------------------------------------------
Brad Marchand            0  0  0   0  0   2  1  0  0  0  2/3    17:41   8:05   0:33 
Braydon Coburn           0  1  1   0  0   0  0  1  0  0  0/0    11:28   0:14   0:00 
Chris Kelly              0  0  0   0  0   1  0  0  0  0  12/20  13:52   0:06   4:58 
Chris Kunitz             0  0  0   1  0   2  2  0  0  0  0/0    17:25   7:59   0:00 
Christian Ehrhoff        0  1  1   1  0   2  0  0  0  0  0/0    21:27   7:46   2:34 
David Krejci             0  0  0   0  2   2  1  0  0  0  6/16   13:34   0:00   1:27 
Dennis Seidenberg        0  1  1   1  0   0  0  1  0  0  0/0    16:48   0:00   4:02 
Dougie Hamilton          0  0  0   0  0   1  1  1  0  0  0/0    19:04   7:32   0:13 
Jakob Silfverberg        0  0  0   0  0   1  0  0  0  0  0/0     9:57   0:38   0:00 
Johnny Boychuk           0  0  0   0  0   1  1  1  0  0  0/0    14:55   0:00   4:12 
Logan Couture            0  1  1   0  0   1  0  0  0  0  3/4    19:23   6:54   0:00 
Loui Eriksson            1  0  1   1  0   2  0  0  0  0  0/0    15:00   0:00   0:00 
Matt Read                0  0  0   0  0   0  1  0  0  0  5/11   20:07   7:59   0:00 
Milan Lucic              1  0  1   0  2   3  6  0  0  0  0/0    15:59   7:25   2:23 
Patrice Bergeron         1  1  2   1  0   5  0  0  0  0  13/20  17:16   7:26   0:24 
Sean Couturier           0  0  0   0  0   0  1  0  0  0  4/6    10:35   0:00   3:53 
Torey Krug               0  0  0   0  0   3  0  1  0  0  0/0    13:24   7:45   1:34 
Zdeno Chara              0  0  0   0  6   4  4  0  0  0  0/0    23:12   7:45   1:03 

3 Stars

1 - Patrice Bergeron (BOS)
2 - Milan Lucic (BOS)
3 - Loui Eriksson (BOS)

Power Play

Senators - 1 on 5 Attempt(s) - 20.00%
Bruins - 1 on 8 Attempt(s) - 12.50%

Penalty Kill

Senators - 7 on 8 Attempt(s) - 87.50% - Score 0 goal in Penalty Kill
Bruins - 4 on 5 Attempt(s) - 80.00% - Score 0 goal in Penalty Kill

Official

Referees : Tom Kowal and Gord Dwyer
Linesman : Michel Cormier and Ryan Galloway

Game Notes

Alexander Edler ejected from game at 11:41 of 3rd period
Alexander Edler from Senators is suspended for 1 game(s)

Finance

Level 1 -- Attendance: 5213 (80.20%) -- Ticket Income $573,430
Level 2 -- Attendance: 5000 (100.00%) -- Ticket Income $375,000
Level 3 -- Attendance: 3089 (88.26%) -- Ticket Income $172,984
Level 4 -- Attendance: 1565 (100.00%) -- Ticket Income $62,600
Luxury Box -- Attendance: 885 (88.50%) -- Ticket Income $176,115
Game was played at the TD Garden
Total Attendance: 15752 (89.68%)
Total Ticket Income: $1,360,129
Other Income: $204,019
Total Income: $1,564,148


% Time on Ice - Senators

Lines # - Real PCT - Wanted PCT - Time Play
Normal Forward
1 - 35% - 32% - 12:01
2 - 30% - 32% - 10:17
3 - 25% - 21% - 8:44
4 - 11% - 15% - 3:47
Normal Defense
1 - 37% - 32% - 13:02
2 - 30% - 32% - 10:18
3 - 26% - 25% - 9:10
4 - 7% - 11% - 2:19
PP Forward
1 - 40% - 50% - 2:44
2 - 60% - 50% - 4:05
PP Defense
1 - 72% - 50% - 4:56
2 - 28% - 50% - 1:53
PK Forward
1 - 50% - 50% - 7:03
2 - 50% - 50% - 7:10
PK Defense
1 - 47% - 50% - 6:38
2 - 53% - 50% - 7:35
PK3 Forward
1 - 69% - 50% - 0:57
2 - 31% - 50% - 0:26
PK3 Defense
1 - 69% - 50% - 0:57
2 - 31% - 50% - 0:26
44 Forward
1 - 46% - 52% - 0:52
2 - 54% - 48% - 1:02
44 Defense
1 - 48% - 52% - 0:55
2 - 52% - 48% - 0:59
Last Minute Offensive  - 0:52
Last Minute Defensive  - 0:00
Total
Forward - 60:00
Defense - 60:00

% Time on Ice - Bruins

Lines # - Real PCT - Wanted PCT - Time Play
Normal Forward
1 - 35% - 40% - 12:08
2 - 27% - 30% - 9:26
3 - 23% - 20% - 7:56
4 - 15% - 10% - 5:19
Normal Defense
1 - 31% - 40% - 10:43
2 - 30% - 30% - 10:31
3 - 28% - 20% - 9:51
4 - 11% - 10% - 3:44
PP Forward
1 - 52% - 60% - 8:05
2 - 48% - 40% - 7:26
PP Defense
1 - 50% - 60% - 7:45
2 - 50% - 40% - 7:46
PK Forward
1 - 65% - 60% - 4:26
2 - 35% - 40% - 2:23
PK Defense
1 - 62% - 60% - 4:15
2 - 38% - 40% - 2:34
PK3 Forward
1 - 0% - 60%
2 - 0% - 40%
PK3 Defense
1 - 0% - 60%
2 - 0% - 40%
44 Forward
1 - 82% - 60% - 1:38
2 - 18% - 40% - 0:21
44 Defense
1 - 30% - 60% - 0:36
2 - 70% - 40% - 1:23
Last Minute Offensive  - 0:00
Last Minute Defensive  - 0:52
Total
Forward - 60:00
Defense - 60:00

Play by Play

1st period


0:01 of 1st period - Jeff Carter wins face-off versus David Krejci in neutral zone.
0:03 of 1st period - Minor Penalty to David Krejci for Hooking.
0:04 of 1st period - Jason Spezza wins face-off versus Chris Kelly in Bruins zone.
0:35 of 1st period - Off-side.
0:36 of 1st period - Sidney Crosby wins face-off versus Chris Kelly in neutral zone.
0:45 of 1st period - Shot by Filip Kuba.
0:45 of 1st period - Shot Misses the Net.
1:09 of 1st period - Shot by James Neal.
1:09 of 1st period - Stopped by Tuukka Rask without a rebound.
1:10 of 1st period - Chris Kelly wins face-off versus Jason Spezza in Bruins zone.
1:16 of 1st period - Icing by Jason Spezza.
1:17 of 1st period - Jason Spezza wins face-off versus Chris Kelly in Senators zone.
1:45 of 1st period - Pierre-Alexandr Parenteau is hit by Johnny Boychuk and loses puck.
2:16 of 1st period - Jerred Smithson is hit by Zdeno Chara and loses puck.
2:20 of 1st period - Kaspars Daugavins is hit by Zdeno Chara and loses puck.
2:33 of 1st period - Shot by Erik Condra.
2:33 of 1st period - Stopped by Tuukka Rask without a rebound.
2:34 of 1st period - Patrice Bergeron wins face-off versus Sidney Crosby in Bruins zone.
2:34 of 1st period - Patrice Bergeron is hit by James Neal.
2:41 of 1st period - Patrice Bergeron is hit by Alexander Edler.
2:53 of 1st period - Shot by Christian Ehrhoff.
2:53 of 1st period - Shot Misses the Net.
4:48 of 1st period - Brad Marchand is hit by Mika Zibanejad and loses puck.
5:00 of 1st period - Icing by Chris Kelly.
5:01 of 1st period - Chris Kelly wins face-off versus Jeff Carter in Bruins zone.
5:01 of 1st period - Braydon Coburn is hit by James Neal and loses puck.
5:11 of 1st period - Johnny Boychuk is hit by Jan Hejda and loses puck.
5:53 of 1st period - Shot by Milan Lucic.
5:53 of 1st period - Shot Misses the Net.
6:34 of 1st period - Shot by Logan Couture.
6:34 of 1st period - Shot Misses the Net.
6:36 of 1st period - Shot by Christian Ehrhoff.
6:36 of 1st period - Stopped by Carey Price with a rebound.
6:48 of 1st period - Mika Zibanejad is hit by Matt Read.
7:38 of 1st period - David Krejci is hit by Filip Kuba and loses puck.
7:51 of 1st period - Shot by Pierre-Alexandr Parenteau.
7:51 of 1st period - Stopped by Tuukka Rask without a rebound.
7:52 of 1st period - Patrice Bergeron wins face-off versus Sidney Crosby in Bruins zone.
7:52 of 1st period - Patrice Bergeron is hit by James Neal.
8:08 of 1st period - Shot by James Neal.
8:08 of 1st period - Shot Misses the Net.
8:10 of 1st period - Shot by Sidney Crosby.
8:10 of 1st period - Shot Misses the Net.
8:12 of 1st period - Shot by Jan Hejda.
8:12 of 1st period - Stopped by Tuukka Rask without a rebound.
8:13 of 1st period - Chris Kelly wins face-off versus Jerred Smithson in Bruins zone.
8:52 of 1st period - Shot by Brad Marchand.
8:52 of 1st period - Shot Blocked by Erik Condra.
8:56 of 1st period - Shot by Jakob Silfverberg.
8:56 of 1st period - Deflect By Brad Marchand.
8:56 of 1st period - Shot Misses the Net.
9:12 of 1st period - Shot by Loui Eriksson.
9:12 of 1st period - Stopped by Carey Price with a rebound.
9:28 of 1st period - Shot by Mika Zibanejad.
9:28 of 1st period - Stopped by Tuukka Rask without a rebound.
9:29 of 1st period - David Krejci wins face-off versus Jeff Carter in Bruins zone.
9:42 of 1st period - Icing by Sidney Crosby.
9:43 of 1st period - Sean Couturier wins face-off versus Sidney Crosby in Senators zone.
9:51 of 1st period - Jan Hejda is hit by Milan Lucic and loses puck.
10:04 of 1st period - Icing by Jan Hejda.
10:05 of 1st period - Sidney Crosby wins face-off versus David Krejci in Senators zone.
10:47 of 1st period - Shot by Josh Bailey.
10:47 of 1st period - Shot Blocked by Dennis Seidenberg.
11:18 of 1st period - Shot by Josh Bailey.
11:18 of 1st period - Stopped by Tuukka Rask without a rebound.
11:19 of 1st period - Jason Spezza wins face-off versus Patrice Bergeron in Bruins zone.
11:20 of 1st period - Shot by Dustin Byfuglien.
11:20 of 1st period - Stopped by Tuukka Rask without a rebound.
11:21 of 1st period - Patrice Bergeron wins face-off versus Jason Spezza in Bruins zone.
11:21 of 1st period - Patrice Bergeron is hit by Pierre-Alexandr Parenteau.
11:34 of 1st period - Dustin Byfuglien is hit by Zdeno Chara and loses puck.
11:42 of 1st period - Pierre-Alexandr Parenteau is hit by Dougie Hamilton and loses puck.
11:59 of 1st period - Shot by Jason Spezza.
11:59 of 1st period - Shot Misses the Net.
12:01 of 1st period - Shot by Pierre-Alexandr Parenteau.
12:01 of 1st period - Stopped by Tuukka Rask with a rebound.
12:03 of 1st period - Shot by Jason Spezza.
12:03 of 1st period - Shot Misses the Net.
12:05 of 1st period - Shot by Kaspars Daugavins.
12:05 of 1st period - Stopped by Tuukka Rask without a rebound.
12:06 of 1st period - Chris Kelly wins face-off versus Mika Zibanejad in Bruins zone.
12:06 of 1st period - Chris Kelly is hit by Mika Zibanejad.
12:17 of 1st period - Jakob Silfverberg is hit by Alexander Edler and loses puck.
12:18 of 1st period - Minor Penalty to Alexander Edler for Roughing.
12:19 of 1st period - Matt Read wins face-off versus Tyler Kennedy in Senators zone.
12:30 of 1st period - Shot by Brad Marchand.
12:30 of 1st period - Deflect By Chris Kunitz.
12:30 of 1st period - Stopped by Carey Price with a rebound.
12:32 of 1st period - Shot by Torey Krug.
12:32 of 1st period - Stopped by Carey Price without a rebound.
12:33 of 1st period - Jerred Smithson wins face-off versus Patrice Bergeron in Senators zone.
13:01 of 1st period - Shot by Patrice Bergeron.
13:01 of 1st period - Stopped by Carey Price without a rebound.
13:02 of 1st period - Tyler Kennedy wins face-off versus Matt Read in Senators zone.
13:17 of 1st period - Shot by Brad Marchand.
13:17 of 1st period - Stopped by Carey Price with a rebound.
13:19 of 1st period - Shot by Torey Krug.
13:19 of 1st period - Stopped by Carey Price without a rebound.
13:20 of 1st period - Patrice Bergeron wins face-off versus Jerred Smithson in Senators zone.
13:27 of 1st period - Shot by Milan Lucic.
13:27 of 1st period - Stopped by Carey Price without a rebound.
13:28 of 1st period - Matt Read wins face-off versus Tyler Kennedy in Senators zone.
13:39 of 1st period - Shot by Christian Ehrhoff.
13:39 of 1st period - Shot Misses the Net.
14:37 of 1st period - Icing by Alexander Edler.
14:38 of 1st period - David Krejci wins face-off versus James Neal in Senators zone.
14:39 of 1st period - Shot by Logan Couture.
14:39 of 1st period - Shot Misses the Net.
14:53 of 1st period - Shot by Sidney Crosby.
14:53 of 1st period - Stopped by Tuukka Rask without a rebound.
14:54 of 1st period - Sean Couturier wins face-off versus Jason Spezza in Bruins zone.
14:54 of 1st period - Johnny Boychuk is hit by Pierre-Alexandr Parenteau and loses puck.
15:16 of 1st period - Sean Couturier is hit by Jan Hejda and loses puck.
15:29 of 1st period - Pierre-Alexandr Parenteau is hit by Milan Lucic and loses puck.
15:43 of 1st period - Off-side.
15:44 of 1st period - Brad Marchand wins face-off versus Mika Zibanejad in neutral zone.
15:46 of 1st period - Zdeno Chara is hit by Mika Zibanejad and loses puck.
16:17 of 1st period - Shot by Josh Bailey.
16:17 of 1st period - Stopped by Tuukka Rask with a rebound.
16:19 of 1st period - Shot by Marc-Edouard Vlasic.
16:19 of 1st period - Stopped by Tuukka Rask without a rebound.
16:20 of 1st period - Sidney Crosby wins face-off versus David Krejci in Bruins zone.
17:01 of 1st period - Shot by David Krejci.
17:01 of 1st period - Shot Misses the Net.
18:22 of 1st period - Shot by Brad Marchand.
18:22 of 1st period - Shot Misses the Net.
18:24 of 1st period - Shot by Johnny Boychuk.
18:24 of 1st period - Stopped by Carey Price with a rebound.
18:49 of 1st period - Icing by Marc-Edouard Vlasic.
18:50 of 1st period - Matt Read wins face-off versus Jason Spezza in Senators zone.
18:57 of 1st period - Shot by David Krejci.
18:57 of 1st period - Stopped by Carey Price without a rebound.
18:58 of 1st period - Mika Zibanejad wins face-off versus David Krejci in Senators zone.
19:00 of 1st period - Icing by Rostislav Klesla.
19:01 of 1st period - Patrice Bergeron wins face-off versus Tyler Kennedy in Senators zone.
19:04 of 1st period - Shot by Loui Eriksson.
19:04 of 1st period - Goal by Loui Eriksson - Senators : 0 - Bruins : 1.
19:05 of 1st period - Sidney Crosby wins face-off versus Patrice Bergeron in neutral zone.
19:49 of 1st period - Shot by James Neal.
19:49 of 1st period - Shot Blocked by Dougie Hamilton.
19:56 of 1st period - Icing by Dougie Hamilton.
19:57 of 1st period - Mika Zibanejad wins face-off versus Patrice Bergeron in Bruins zone.
Goals for this period are 0 for Senators vs 1 for Bruins.
Shots for this period are 12 for Senators vs 11 for Bruins.

2nd period


0:01 of 2nd period - Logan Couture wins face-off versus Kaspars Daugavins in neutral zone.
1:32 of 2nd period - Chris Kunitz is hit by Dustin Byfuglien and loses puck.
2:03 of 2nd period - Icing by Rostislav Klesla.
2:04 of 2nd period - David Krejci wins face-off versus Mika Zibanejad in Senators zone.
2:27 of 2nd period - Shot by David Krejci.
2:27 of 2nd period - Shot Blocked by Jan Hejda.
2:59 of 2nd period - Jakob Silfverberg is hit by Mika Zibanejad.
3:10 of 2nd period - Minor Penalty to Jan Hejda for Holding.
3:11 of 2nd period - Jason Spezza wins face-off versus Logan Couture in Senators zone.
4:22 of 2nd period - Brad Marchand is hit by Alexander Edler and loses puck.
4:46 of 2nd period - Icing by Christian Ehrhoff.
4:47 of 2nd period - Patrice Bergeron wins face-off versus Tyler Kennedy in Bruins zone.
5:04 of 2nd period - Shot by Dougie Hamilton.
5:04 of 2nd period - Shot Misses the Net.
6:42 of 2nd period - Logan Couture is hit by Alexander Edler and loses puck.
7:13 of 2nd period - Shot by Tyler Kennedy.
7:13 of 2nd period - Goal by Tyler Kennedy - Senators : 1 - Bruins : 1.
7:14 of 2nd period - Sean Couturier wins face-off versus Tyler Kennedy in neutral zone.
7:17 of 2nd period - Josh Bailey is hit by Milan Lucic and loses puck.
7:21 of 2nd period - Filip Kuba is hit by Milan Lucic and loses puck.
7:40 of 2nd period - Shot by Josh Bailey.
7:40 of 2nd period - Shot Misses the Net.
7:42 of 2nd period - Shot by Filip Kuba.
7:42 of 2nd period - Shot Blocked by Torey Krug.
7:44 of 2nd period - Shot by Mika Zibanejad.
7:44 of 2nd period - Deflect By Josh Bailey.
7:44 of 2nd period - Shot Misses the Net.
7:57 of 2nd period - Josh Bailey is hit by Zdeno Chara and loses puck.
8:15 of 2nd period - Minor Penalty to Zdeno Chara for Hooking.
8:16 of 2nd period - Chris Kelly wins face-off versus Sidney Crosby in Bruins zone.
8:37 of 2nd period - Shot by Dustin Byfuglien.
8:37 of 2nd period - Stopped by Tuukka Rask without a rebound.
8:38 of 2nd period - Chris Kelly wins face-off versus Jason Spezza in Bruins zone.
8:49 of 2nd period - Shot by Jason Spezza.
8:49 of 2nd period - Stopped by Tuukka Rask without a rebound.
8:50 of 2nd period - Sidney Crosby wins face-off versus Chris Kelly in Bruins zone.
9:40 of 2nd period - Shot by Josh Bailey.
9:40 of 2nd period - Stopped by Tuukka Rask without a rebound.
9:41 of 2nd period - Jason Spezza wins face-off versus Chris Kelly in Bruins zone.
10:24 of 2nd period - Shot by Erik Condra.
10:24 of 2nd period - Deflect By Kaspars Daugavins.
10:24 of 2nd period - Stopped by Tuukka Rask without a rebound.
10:25 of 2nd period - Matt Read wins face-off versus Sidney Crosby in Bruins zone.
10:34 of 2nd period - Minor Penalty to Zdeno Chara for Holding.
10:35 of 2nd period - Sidney Crosby wins face-off versus Chris Kelly in Bruins zone.
10:40 of 2nd period - Shot by Sidney Crosby.
10:40 of 2nd period - Shot Misses the Net.
11:08 of 2nd period - Shot by Jeff Carter.
11:08 of 2nd period - Stopped by Tuukka Rask with a rebound.
11:39 of 2nd period - Icing by James Neal.
11:40 of 2nd period - Sidney Crosby wins face-off versus Chris Kelly in Senators zone.
12:45 of 2nd period - Minor Penalty to Rostislav Klesla for High sticking.
12:46 of 2nd period - Matt Read wins face-off versus Jerred Smithson in Senators zone.
12:46 of 2nd period - Matt Read is hit by Jan Hejda.
12:55 of 2nd period - Matt Read is hit by Jan Hejda and loses puck.
14:03 of 2nd period - Shot by Patrice Bergeron.
14:03 of 2nd period - Stopped by Carey Price with a rebound.
14:05 of 2nd period - Shot by Logan Couture.
14:05 of 2nd period - Shot Blocked by Dustin Byfuglien.
14:07 of 2nd period - Shot by Patrice Bergeron.
14:07 of 2nd period - Stopped by Carey Price with a rebound.
14:09 of 2nd period - Shot by Christian Ehrhoff.
14:09 of 2nd period - Shot Blocked by Alexander Edler.
14:23 of 2nd period - Shot by Christian Ehrhoff.
14:23 of 2nd period - Stopped by Carey Price without a rebound.
14:24 of 2nd period - Patrice Bergeron wins face-off versus Tyler Kennedy in Senators zone.
14:57 of 2nd period - Shot by Brad Marchand.
14:57 of 2nd period - Shot Blocked by Rostislav Klesla.
15:17 of 2nd period - Shot by Brad Marchand.
15:17 of 2nd period - Shot Misses the Net.
15:19 of 2nd period - Shot by Jakob Silfverberg.
15:19 of 2nd period - Stopped by Carey Price without a rebound.
15:20 of 2nd period - David Krejci wins face-off versus Mika Zibanejad in Senators zone.
15:26 of 2nd period - Icing by Mika Zibanejad.
15:27 of 2nd period - Patrice Bergeron wins face-off versus Mika Zibanejad in Senators zone.
15:43 of 2nd period - Minor Penalty to Mika Zibanejad for High sticking.
15:44 of 2nd period - Patrice Bergeron wins face-off versus Jerred Smithson in Senators zone.
16:19 of 2nd period - Double Minor Penalty to Jared Cowen for Slashing.
16:20 of 2nd period - Jerred Smithson wins face-off versus Matt Read in Senators zone.
17:30 of 2nd period - Shot by Logan Couture.
17:30 of 2nd period - Stopped by Carey Price without a rebound.
17:31 of 2nd period - Patrice Bergeron wins face-off versus Tyler Kennedy in Senators zone.
17:37 of 2nd period - Minor Penalty to Milan Lucic for Holding.
17:38 of 2nd period - Sean Couturier wins face-off versus Tyler Kennedy in Bruins zone.
17:38 of 2nd period - Sean Couturier is hit by Tyler Kennedy.
17:52 of 2nd period - Dustin Byfuglien is hit by Sean Couturier and loses puck.
18:32 of 2nd period - Icing by Braydon Coburn.
18:33 of 2nd period - Jason Spezza wins face-off versus Sean Couturier in Bruins zone.
19:03 of 2nd period - Icing by Jan Hejda.
19:04 of 2nd period - Logan Couture wins face-off versus Jason Spezza in Senators zone.
19:04 of 2nd period - Logan Couture is hit by Jan Hejda.
19:21 of 2nd period - Icing by Marc-Edouard Vlasic.
19:22 of 2nd period - Jason Spezza wins face-off versus Brad Marchand in Senators zone.
19:56 of 2nd period - Shot by Patrice Bergeron.
19:56 of 2nd period - Shot Blocked by Dustin Byfuglien.
Goals for this period are 1 for Senators vs 0 for Bruins.
Shots for this period are 6 for Senators vs 5 for Bruins.

3rd period


0:01 of 3rd period - Jerred Smithson wins face-off versus Matt Read in neutral zone.
0:26 of 3rd period - Shot by Pierre-Alexandr Parenteau.
0:26 of 3rd period - Stopped by Tuukka Rask with a rebound.
0:38 of 3rd period - Kaspars Daugavins is hit by Milan Lucic and loses puck.
0:52 of 3rd period - Shot by Pierre-Alexandr Parenteau.
0:52 of 3rd period - Shot Misses the Net.
0:54 of 3rd period - Shot by Jason Spezza.
0:54 of 3rd period - Deflect By Pierre-Alexandr Parenteau.
0:54 of 3rd period - Stopped by Tuukka Rask without a rebound.
0:55 of 3rd period - Sidney Crosby wins face-off versus David Krejci in Bruins zone.
1:00 of 3rd period - Shot by Sidney Crosby.
1:00 of 3rd period - Stopped by Tuukka Rask without a rebound.
1:01 of 3rd period - Sidney Crosby wins face-off versus David Krejci in Bruins zone.
1:03 of 3rd period - Minor Penalty to James Neal for Hooking.
1:04 of 3rd period - Tyler Kennedy wins face-off versus Matt Read in Senators zone.
1:19 of 3rd period - Shot by Zdeno Chara.
1:19 of 3rd period - Stopped by Carey Price without a rebound.
1:20 of 3rd period - Tyler Kennedy wins face-off versus Patrice Bergeron in Senators zone.
2:06 of 3rd period - Christian Ehrhoff is hit by Jan Hejda and loses puck.
3:28 of 3rd period - Shot by Sidney Crosby.
3:28 of 3rd period - Shot Blocked by Braydon Coburn.
3:40 of 3rd period - Marc-Edouard Vlasic is hit by Milan Lucic and loses puck.
3:55 of 3rd period - James Neal is hit by Brad Marchand and loses puck.
4:22 of 3rd period - Shot by Brad Marchand.
4:22 of 3rd period - Stopped by Carey Price with a rebound.
4:24 of 3rd period - Shot by Brad Marchand.
4:24 of 3rd period - Shot Misses the Net.
4:46 of 3rd period - Shot by David Krejci.
4:46 of 3rd period - Shot Misses the Net.
4:48 of 3rd period - Shot by Zdeno Chara.
4:48 of 3rd period - Stopped by Carey Price without a rebound.
4:49 of 3rd period - Tyler Kennedy wins face-off versus Patrice Bergeron in Senators zone.
5:29 of 3rd period - Shot by Chris Kunitz.
5:29 of 3rd period - Stopped by Carey Price without a rebound.
5:30 of 3rd period - David Krejci wins face-off versus Sidney Crosby in Senators zone.
5:41 of 3rd period - Shot by David Krejci.
5:41 of 3rd period - Stopped by Carey Price without a rebound.
5:42 of 3rd period - Jason Spezza wins face-off versus David Krejci in Senators zone.
6:08 of 3rd period - Shot by Matt Read.
6:08 of 3rd period - Shot Blocked by Jared Cowen.
6:10 of 3rd period - Shot by Matt Read.
6:10 of 3rd period - Shot Misses the Net.
6:42 of 3rd period - Shot by Patrice Bergeron.
6:42 of 3rd period - Stopped by Carey Price without a rebound.
6:43 of 3rd period - Chris Kelly wins face-off versus James Neal in Senators zone.
6:45 of 3rd period - Brad Marchand is hit by Dustin Byfuglien.
7:46 of 3rd period - Shot by Loui Eriksson.
7:46 of 3rd period - Shot Blocked by Tyler Kennedy.
7:48 of 3rd period - Shot by Christian Ehrhoff.
7:48 of 3rd period - Shot Misses the Net.
8:29 of 3rd period - Icing by Mika Zibanejad.
8:30 of 3rd period - David Krejci wins face-off versus Mika Zibanejad in Senators zone.
8:40 of 3rd period - Off-side.
8:41 of 3rd period - Jason Spezza wins face-off versus David Krejci in neutral zone.
8:41 of 3rd period - Jason Spezza is hit by David Krejci.
8:45 of 3rd period - Shot by Jan Hejda.
8:45 of 3rd period - Shot Misses the Net.
8:46 of 3rd period - Minor Penalty to Zdeno Chara for Hooking.
8:47 of 3rd period - Chris Kelly wins face-off versus Sidney Crosby in Bruins zone.
9:22 of 3rd period - Icing by Dustin Byfuglien.
9:23 of 3rd period - Chris Kelly wins face-off versus Jeff Carter in Senators zone.
9:30 of 3rd period - Shot by Chris Kelly.
9:30 of 3rd period - Stopped by Carey Price without a rebound.
9:31 of 3rd period - Jason Spezza wins face-off versus Chris Kelly in Senators zone.
9:38 of 3rd period - Shot by Pierre-Alexandr Parenteau.
9:38 of 3rd period - Goal by Pierre-Alexandr Parenteau - Senators : 2 - Bruins : 1.
9:39 of 3rd period - Jason Spezza wins face-off versus David Krejci in neutral zone.
10:11 of 3rd period - Shot by Pierre-Alexandr Parenteau.
10:11 of 3rd period - Stopped by Tuukka Rask without a rebound.
10:12 of 3rd period - Patrice Bergeron wins face-off versus Sidney Crosby in Bruins zone.
10:41 of 3rd period - Shot by Sidney Crosby.
10:41 of 3rd period - Shot Misses the Net.
10:43 of 3rd period - Shot by Jeff Carter.
10:43 of 3rd period - Deflect By Sidney Crosby.
10:43 of 3rd period - Stopped by Tuukka Rask with a rebound.
10:47 of 3rd period - Shot by Jeff Carter.
10:47 of 3rd period - Deflect By Sidney Crosby.
10:47 of 3rd period - Shot Misses the Net.
10:49 of 3rd period - Shot by Jeff Carter.
10:49 of 3rd period - Shot Misses the Net.
10:51 of 3rd period - Shot by James Neal.
10:51 of 3rd period - Deflect By Jeff Carter.
10:51 of 3rd period - Shot Misses the Net.
10:57 of 3rd period - Shot by James Neal.
10:57 of 3rd period - Stopped by Tuukka Rask with a rebound.
11:41 of 3rd period - Major / Game Misconduct Penalty to Alexander Edler for Attempt to injure.
11:41 of 3rd period - Alexander Edler is ejected from game.
11:42 of 3rd period - Jerred Smithson wins face-off versus Matt Read in Senators zone.
11:42 of 3rd period - Jerred Smithson is hit by Chris Kunitz.
11:53 of 3rd period - Chris Kunitz is hit by Dustin Byfuglien and loses puck.
12:08 of 3rd period - Shot by Zdeno Chara.
12:08 of 3rd period - Stopped by Carey Price without a rebound.
12:09 of 3rd period - Patrice Bergeron wins face-off versus Jerred Smithson in Senators zone.
12:12 of 3rd period - Shot by Dougie Hamilton.
12:12 of 3rd period - Shot Misses the Net.
12:50 of 3rd period - Shot by Patrice Bergeron.
12:50 of 3rd period - Shot Misses the Net.
13:12 of 3rd period - Shot by Torey Krug.
13:12 of 3rd period - Deflect By Chris Kunitz.
13:12 of 3rd period - Shot Misses the Net.
13:59 of 3rd period - Christian Ehrhoff is hit by Jerred Smithson and loses puck.
14:03 of 3rd period - Icing by Christian Ehrhoff.
14:04 of 3rd period - Jerred Smithson wins face-off versus Patrice Bergeron in Bruins zone.
14:20 of 3rd period - Icing by Patrice Bergeron.
14:21 of 3rd period - Patrice Bergeron wins face-off versus Tyler Kennedy in Bruins zone.
15:08 of 3rd period - Dustin Byfuglien is hit by Chris Kunitz and loses puck.
15:41 of 3rd period - Shot by Milan Lucic.
15:41 of 3rd period - Goal by Milan Lucic - Senators : 2 - Bruins : 2.
15:42 of 3rd period - Chris Kelly wins face-off versus Kaspars Daugavins in neutral zone.
15:47 of 3rd period - Shot by Dougie Hamilton.
15:47 of 3rd period - Stopped by Carey Price without a rebound.
15:48 of 3rd period - Logan Couture wins face-off versus Tyler Kennedy in Senators zone.
16:03 of 3rd period - Shot by Torey Krug.
16:03 of 3rd period - Stopped by Carey Price with a rebound.
16:05 of 3rd period - Shot by Zdeno Chara.
16:05 of 3rd period - Stopped by Carey Price without a rebound.
16:06 of 3rd period - Tyler Kennedy wins face-off versus Matt Read in Senators zone.
16:56 of 3rd period - Icing by Sidney Crosby.
16:57 of 3rd period - Brad Marchand wins face-off versus Sidney Crosby in Senators zone.
16:58 of 3rd period - Shot by Chris Kelly.
16:58 of 3rd period - Shot Misses the Net.
17:12 of 3rd period - Shot by Sidney Crosby.
17:12 of 3rd period - Shot Misses the Net.
17:14 of 3rd period - Shot by Sidney Crosby.
17:14 of 3rd period - Shot Misses the Net.
17:16 of 3rd period - Shot by Marc-Edouard Vlasic.
17:16 of 3rd period - Shot Blocked by Johnny Boychuk.
17:18 of 3rd period - Shot by James Neal.
17:18 of 3rd period - Shot Misses the Net.
17:20 of 3rd period - Shot by Jeff Carter.
17:20 of 3rd period - Shot Misses the Net.
17:39 of 3rd period - Icing by Dustin Byfuglien.
17:40 of 3rd period - Sidney Crosby wins face-off versus David Krejci in Senators zone.
18:43 of 3rd period - Shot by Patrice Bergeron.
18:43 of 3rd period - Goal by Patrice Bergeron - Senators : 2 - Bruins : 3.
18:44 of 3rd period - Mika Zibanejad wins face-off versus Sean Couturier in neutral zone.
19:07 of 3rd period - Shot by Milan Lucic.
19:07 of 3rd period - Stopped by Carey Price without a rebound.
19:08 of 3rd period - Chris Kelly wins face-off versus Jason Spezza in Senators zone.
19:12 of 3rd period - Icing by Marc-Edouard Vlasic.
19:13 of 3rd period - Chris Kelly wins face-off versus Jason Spezza in Senators zone.
19:34 of 3rd period - Shot by Milan Lucic.
19:34 of 3rd period - Shot Blocked by Marc-Edouard Vlasic.
19:36 of 3rd period - Shot by Johnny Boychuk.
19:36 of 3rd period - Shot Blocked by Marc-Edouard Vlasic.
19:52 of 3rd period - Senators, Carey Price is pulled from the net.
Goals for this period are 1 for Senators vs 2 for Bruins.
Shots for this period are 7 for Senators vs 14 for Bruins.


Output by the SimonT Hockey Simulator (STHS) for Stephane Roy -- Original Page W3C XHTML 1.0 Valid
Hockey Simulator - Hockey Simulation - Hockey Manager